AoeStats
← priuslee

MegaRandom

509876400Analyzed
3v3 RM · 4d ago on Sep 28, 2026· 40m 51s· 6 players
Game mode
Random Map
Map size
Normal (6 player)
Population
200
Speed
Normal
Resources
Standard
Victory
Conquest
Starting age
Dark Age
Ending age
Imperial Age
RankedLock teamsTeams togetherTeam positionsShared explorationLock speedFull tech treeHidden civsTurbo modeCheats
Victory
Defeat
🇨🇳 Goths · China
925
+18
🇨🇳 Khmer · China
909
+19
🇨🇳 Danes · China
901
+19
🇳🇱 Khmer · Netherlands
983
-19
🇨🇳 Italians · China
975
-20
🇱🇹 Malians · Lithuania
934
-17
Evomartis
7:59 Loom
11:00 Feudal Age
12:14 Double-Bit Axe
13:21 Horse Collar
16:33 Gold Mining
17:22 Fletching
21:24 Castle Age
21:53 Crossbowman
22:30 Bodkin Arrow
24:05 Thumb Ring
23:44 Pikeman
24:29 Padded Archer Armor
28:26 Leather Archer Armor
34:00 Tigui
38:50 Imperial Age
38:02 Wheelbarrow
37:12 Town Watch
38:05 Ballistics
40:27 Ring Archer Armor
martijn
15:26 Feudal Age
13:43 Loom
18:08 Castle Age
16:25 Double-Bit Axe
18:44 Loom
19:35 Wheelbarrow
crazy hippo
10:52 Feudal Age
11:33 Double-Bit Axe
20:34 Castle Age
26:07 Thumb Ring
25:23 Crossbowman
26:25 Gold Mining
26:29 Stone Mining
27:03 Bloodlines
26:54 Husbandry
28:32 Stone Shaft Mining
29:11 Squires
31:36 Bow Saw
31:09 Horse Collar
31:26 Pikeman
36:07 Imperial Age
34:25 Forging
34:17 Scale Mail Armor
34:09 Fletching
37:31 Conscription
36:32 Elite Genoese Crossbowman
ZHINAR
11:47 Feudal Age
12:15 Double-Bit Axe
15:20 Fishing Lines
15:27 Horse Collar
19:36 Castle Age
23:24 Stone Mining
23:49 Bow Saw
23:55 Gold Mining
28:04 Imperial Age
27:58 Gold Shaft Mining
28:05 Wheelbarrow
27:33 Heavy Plow
29:14 Bloodlines
31:15 Chemistry
32:41 Conscription
32:29 Tusk Swords
33:34 Tusk Swords
33:54 Scale Barding Armor
34:00 Forging
34:15 Husbandry
34:33 Double Crossbow
35:55 Heavy Scorpion
37:34 Chain Barding Armor
37:50 Iron Casting
38:47 Siege Engineers
38:42 Elite Ballista Elephant
40:31 Elite Battle Elephant
42:27 Blast Furnace
priuslee
11:18 Feudal Age
12:45 Loom
15:20 Castle Age
13:36 Double-Bit Axe
15:06 Gold Mining
17:59 Fishing Lines
19:32 Gillnets
20:27 Bow Saw
20:00 Horse Collar
21:33 Wheelbarrow
23:39 Hand Cart
24:49 Medium Warships
30:18 Imperial Age
31:07 Gold Shaft Mining
30:23 Stone Mining
30:37 Padded Archer Armor
30:27 Fletching
30:31 Cranequins
31:28 Thumb Ring
30:51 Heavy Mounted Crossbowman
32:11 Heavy Plow
32:46 Leather Archer Armor
32:36 Bodkin Arrow
33:07 Scale Barding Armor
33:14 Forging
35:31 Chemistry
34:51 Ballistics
35:05 Ring Archer Armor
34:35 Bracer
34:43 Bracer
39:52 Siege Engineers
Jilmo
7:27 Loom
13:22 Feudal Age
14:31 Man-at-Arms
15:30 Scale Mail Armor
15:23 Double-Bit Axe
16:09 Town Watch
22:27 Castle Age
22:30 Long Swordsman
23:32 Chain Mail Armor
23:29 Forging
24:18 Squires
27:25 Fletching
Connection lost

Rejoining the realm…

Still unreachable

The connection could not be restored.

Session expired

The server has moved on; the page needs a fresh start.